 Dungeon Crawl Stone Soup version bcrawl-1.37.2 (webtiles) character file.

Game seed: 6693549244068291002

194886 Mehrunes the Covert (level 9, 0/121 HPs)
             Began as a Naga Fighter on Oct 27, 2022.
             Was an Initiate of Ashenzari.
             Slain by a hippogriff (1 damage)
             ... while petrified by a basilisk
             ... on level 7 of the Dungeon.
             The game lasted 00:27:10 (8259 turns).

Mehrunes the Covert (Naga Fighter)                  Turns: 8259, Time: 00:27:10

Health: 0/121      AC:  7    Str: 23    XL:     9   Next: 23%
Magic:  9/9        EV:  1    Int: 12    God:    Ashenzari [......]
Gold:   310        SH:  0    Dex: 16    Spells: 8/8 levels left

rFire    . . .     GDR:     30% a - +0 long sword (curse)
rCold    . . .     SeeInvis +   c - +0 medium shield (curse)
rNeg     + + +     Gourm    .   b - +0 scale mail (curse)
rPois    ∞         Faith    .   u - +0 helmet (curse)
rElec    .         Spirit   .   (no cloak)
rCorr    .         Reflect  .   (no gloves)
MR       +....                  (no barding)
Stlth    ..........             q - amulet of rage (curse)
HPRegen  0.30/turn              (no ring)
MPRegen  0.11/turn              (no ring)

@: agile, berserking (expiring), petrified, very slow
A: large, tail, swims, see invisible, deformed body, poison resistance, slowness
2, slow metabolism 1, spit poison 1, AC +3
a: Spit Poison, Curse Item, Renounce Religion, Evoke Berserk Rage


You were on level 7 of the Dungeon.
You worshipped Ashenzari.
Ashenzari was noncommittal.
You were hungry.

You visited 2 branches of the dungeon, and saw 8 of its levels.

You collected 310 gold pieces.

Inventory:

Hand Weapons
 a - a cursed +0 long sword (weapon)
 t - a +2 dagger of venom
 w - a +0 shortbow
 G - the +7 mace of the Countless Tales {holy, Fragile rN+ MR+}
   (You found it on level 5 of the Dungeon)

   It has been blessed by the Shining One to cause great damage to the undead
   and demons.
   It protects you from negative energy.
   It affects your resistance to hostile enchantments.
   It will be destroyed if unequipped.
 H - a +2 quarterstaff of chaos
Missiles
 x - 267 arrows
Armour
 b - a cursed +0 scale mail (worn)
 c - a cursed +0 medium shield (worn)
 u - a cursed +0 helmet (worn)
 E - a +0 cloak
Jewellery
 q - a cursed amulet of rage (around neck)
 C - the cursed amulet of Vision {SInv *Curse}
   (You found it on level 5 of the Dungeon)

   [amulet of nothing]

   It lets you see invisible.
   It curses itself when equipped.
   It has a curse placed upon it.
Wands
 f - a wand of disintegration (16)
 A - a wand of charming (8)
 F - a wand of polymorph (16)
Scrolls
 d - a scroll of fog
 g - 3 scrolls of remove curse
 i - a scroll of identify
 j - a scroll of teleportation
 k - a scroll of enchant armour {unknown}
 m - a scroll of magic mapping {unknown}
 v - a scroll of amnesia {unknown}
 y - a scroll of enchant weapon {unknown}
Potions
 l - a potion of degeneration {unknown}
 n - a potion of curing
 o - a potion of berserk rage
 p - 2 potions of brilliance {unknown}
 r - a potion of ambrosia {unknown}
 s - a potion of cancellation {unknown}
 z - 2 potions of might
 B - 3 potions of heal wounds {unknown}
 D - a potion of haste {unknown}
Comestibles
 e - 11 rations {!d}


   Skills:
 + Level 5.1 Fighting
 + Level 9.0 Long Blades
 - Level 2.4 Armour
 - Level 10.0 Stealth
 - Level 2.7 Shields


You had 8 spell levels left.
You didn't know any spells.
Your spell library was empty.

Dungeon Overview and Level Annotations

Branches:
Dungeon (7/12)             Temple (1/1) D:6            Lair (0/6) D:7

Altars:
Ashenzari
Dithmenos
Elyvilon
Fedhas
Gozag
Kikubaaqudgha
Lugonu
Makhleb
Nemelex Xobeh
Okawaru
Qazlal
Ru
Sif Muna
Trog
Uskayaw
Vehumet
Wu Jian
Xom
Yredelemnul
Zin
The Shining One

Shops:
D:4 =


Innate Abilities, Weirdness & Mutations

You cannot wear boots.
You can swim through water.
Your serpentine skin is tough. (AC +3)
You have supernaturally acute eyesight. (SInv)
Armour fits poorly on your strangely shaped body.
Your system is resistant to poisons. (rPois)
You cover ground very slowly.
You have a slow metabolism.
You can spit poison.


Message History

The hippogriff claws you.
You have turned to stone.
The hippogriff flaps its wings!
The hippogriff bites you.
* * * LOW HITPOINT WARNING * * *
The hippogriff pecks you.
* * * LOW HITPOINT WARNING * * *
The hippogriff claws you.
* * * LOW HITPOINT WARNING * * *
The hippogriff bites you.
The hippogriff pecks you but does no damage.
The hippogriff claws you but does no damage.
The hippogriff bites you.
* * * LOW HITPOINT WARNING * * *
The hippogriff pecks you. The hippogriff claws you.
* * * LOW HITPOINT WARNING * * *
The hippogriff bites you.
* * * LOW HITPOINT WARNING * * *
The hippogriff pecks you but does no damage.
The hippogriff claws you.
You die...

.... P.... .....########
......#.....##
........$....## ########
.>............# ##.....<#
..............# #.......#
.............Y####.......#
...P.#.......oH@...##.####
.....#.......t#######.#
..[. #........## ###.###
... ##.......#)## #.....#
. .........#..###.....#
.....................#
.....######..........#
.... #.####.....# ..o #.#
#.....#


You could see a hippogriff, a yak, a crocodile and an orc.

Vanquished Creatures
  An eye of draining (D:5)
  Prince Ribbit (D:5)
  A wyvern (D:6)
  A basilisk (D:7)
  A sky beast (D:5)
  3 ogres
  A bullfrog (D:4)
  2 centaurs
  A howler monkey (D:5)
  A crimson imp (D:4)
  A bullfrog zombie (D:6)
  5 hounds
  5 bullfrog skeletons
  An iguana (D:5)
  Crazy Yiuf (D:5)
  Ijyb (D:5)
  An orc wizard (D:6)
  4 worker ants
  A howler monkey zombie (D:6)
  A worker ant zombie (D:7)
  5 adders
  2 shadow imps
  2 oozes (D:3)
  An adder zombie (D:4)
  2 worms
  2 dart slugs
  4 leopard geckos
  8 orcs
  A ball python (D:1)
  2 giant cockroaches (D:1)
  3 goblins
  10 hobgoblins
  10 jackals
  12 kobolds
  A quokka (D:4)
  3 bats
  3 frilled lizards
  5 rats
110 creatures vanquished.

Notes
Turn   | Place    | Note
-------+----------+-------------------------------------------
     0 | D:1      | Mehrunes the Naga Fighter began the quest for the Orb.
     0 | D:1      | Reached XP level 1. HP: 21/21 MP: 1/1
    59 | D:1      | Reached XP level 2. HP: 20/28 MP: 2/2
   401 | D:1      | Reached skill level 1 in Stealth
   673 | D:1      | Reached XP level 3. HP: 27/34 MP: 3/3
  1407 | D:2      | Reached skill level 2 in Stealth
  2187 | D:3      | Found a glowing golden altar of the Shining One.
  2215 | D:3      | Reached XP level 4. HP: 41/42 MP: 4/4
  2219 | D:3      | Reached skill level 3 in Stealth
  2669 | D:3      | Reached skill level 4 in Stealth
  2704 | D:3      | Reached XP level 5. HP: 33/49 MP: 5/5
  3033 | D:4      | Noticed an ogre
  3120 | D:3      | Reached skill level 5 in Stealth
  3199 | D:4      | Reached XP level 6. HP: 40/56 MP: 6/6
  3563 | D:4      | Reached skill level 6 in Stealth
  3816 | D:4      | Reached skill level 5 in Long Blades
  3816 | D:4      | Reached skill level 7 in Stealth
  3972 | D:4      | Found Zeotz's Jewellery Shoppe.
  4528 | D:5      | Entered Level 5 of the Dungeon
  4530 | D:5      | Noticed Ijyb
  4538 | D:4      | Reached XP level 7. HP: 57/62 MP: 7/7
  4578 | D:5      | Killed Ijyb
  4617 | D:5      | Found a shattered altar of Ashenzari.
  4634 | D:5      | Reached skill level 8 in Stealth
  4815 | D:5      | Found an opulent altar of Gozag.
  5372 | D:5      | Found a sparkling altar of Nemelex Xobeh.
  5441 | D:5      | Reached skill level 9 in Stealth
  5520 | D:5      | Noticed Prince Ribbit
  5547 | D:5      | Reached XP level 8. HP: 69/69 MP: 8/8
  5568 | D:5      | Noticed an eye of draining
  5580 | D:5      | Killed an eye of draining
  5581 | D:5      | Reached skill level 10 in Stealth
  5633 | D:5      | Found a corrupted altar of Lugonu.
  6326 | D:5      | Found a runed door.
  6487 | D:6      | Found a staircase to the Ecumenical Temple.
  6496 | Temple   | Entered the Ecumenical Temple
  6767 | D:6      | Noticed a wyvern
  6782 | D:6      | Killed a wyvern
  7493 | D:5      | Killed Prince Ribbit
  7494 | D:5      | Reached XP level 9. HP: 79/79 MP: 9/9
  7521 | D:5      | Became a worshipper of Ashenzari the Shackled
  7522 | D:5      | Found the cursed amulet of Vision {SInv *Curse}
  7585 | D:5      | Noticed Crazy Yiuf
  7586 | D:5      | Identified the +7 mace of the Countless Tales {holy,
                  | Fragile rN+ MR+}
  7587 | D:5      | Killed Crazy Yiuf
  8125 | D:7      | Found a bloodstained altar of Trog.
  8223 | D:7      | Found a staircase to the Lair.
  8254 | D:7      | Reached skill level 5 in Fighting
  8256 | D:7      | HP: 5/121 [hippogriff (2)]
  8258 | D:7      | HP: 2/121 [hippogriff (2)]
  8259 | D:7      | Slain by a hippogriff

Skill      XL: |  1  2  3  4  5  6  7  8  9 |
---------------+----------------------------+-----
Stealth        | 1 2 4 5 7 9 10 | 10.0
Long Blades    | 3 4 5 6 8 9 |  9.0
Fighting       | 4 5 |  5.1
Armour         | |  2.4
Shields        | |  2.7

Action                   |  1- 3 |  4- 6 |  7- 9 || total
-------------------------+-------+-------+-------++-------
Melee: Long sword        |    93 |   142 |   160 ||   395
       Unarmed           |       |     1 |     2 ||     3
Invok: Curse Item        |       |       |     5 ||     5
 Abil: Spit Poison       |    20 |    20 |    21 ||    61
Evoke: Wand              |       |       |    14 ||    14
  Use: Scroll            |     2 |       |     2 ||     4
       Potion            |       |     2 |     3 ||     5
 Stab: Sleeping          |       |     1 |     3 ||     4
  Eat: Chunk             |     7 |    10 |    16 ||    33
Armor: Scale mail        |    36 |    68 |    72 ||   176
       Skin              |       |     1 |     1 ||     2
Dodge: Dodged            |    18 |    31 |    21 ||    70
Block: Medium shield     |    43 |    86 |    76 ||   205
